Staline vs Little Stars
Created - March 25, 2018 at 19:02
Goals
|
Staline |
3 |
2 |
2 |
7 |
Little Stars |
2 |
3 |
0 |
5 |
|
Shots
|
Staline |
16 |
11 |
10 |
37 |
Little Stars |
6 |
12 |
11 |
29 |
|
1st period
1. Little Stars , Alexander Vasyunov 17 (Niklas Hjalmarsson 39, Scott Kosmachuck 4) at 1:37
2. Staline , Corey Trivino 20 (Brock Nelson 27, Tyler Pitlick 36) at 13:43 (PP)
3. Staline , Corey Trivino 21 (Dustin Kohn 61, Philip Larsen 22) at 16:08
4. Little Stars , Dana Tyrell 38 (Niklas Hjalmarsson 40, Mathieu Perreault 31) at 16:59
5. Staline , Danny Kristo 20 (Marek Zagrapan 22, Dustin Kohn 62) at 19:17
Penalties :
Philip Larsen (StJ) for Slashing (Minor) at 4:26, Jordan Caron (StJ) for Interference (Minor) at 8:16, Jordie Benn (Tex) for Tripping (Minor) at 13:34, Andrej Sustr (Tex) for High sticking (Minor) at 19:20
2nd period
6. Little Stars , Shawn Matthias 39 (Brian Flynn 65, Cam Atkinson 41) at 2:45
7. Staline , Corey Trivino 22 (Brock Nelson 28, Dustin Kohn 63) at 3:50
8. Staline , Marek Zagrapan 13 (Danny Kristo 12) at 13:13
9. Little Stars , Niklas Hjalmarsson 8 (Shawn Matthias 38, Cam Atkinson 42) at 13:19
10. Little Stars , Mathieu Perreault 18 (Jesper Fast 28, Tyler Wotherspoon 8) at 15:24
Penalties :
Brian Flynn (Tex) for Charging (Minor) at 7:02, Philip Larsen (StJ) for Interference (Minor) at 15:46
3rd period
11. Staline , Brock Nelson 44 (Nick Spaling 27, David Desharnais 43) at 1:52
12. Staline , David Desharnais 27 (Philip Larsen 23, Joni Ortio) at 18:38
Penalties :
Hugh Jessiman (Tex) for Diving (Minor) at 2:29, Philip Larsen (StJ) for Hooking (Minor) at 9:25
Goalie Stats
Joni Ortio (StJ), 24 saves from 29 shots - (0.828), W, 2-1-0, 60:00 minutes
Peter Delmas (Tex), 30 saves from 37 shots - (0.811), L, 4-6-1, 60:00 minutes
Players Stats for Staline
Player Name G A P +/- PIM S H SB GA TA FO MP PP MP PK MP
------------------------------------------------------------------------------------
Brock Nelson 1 2 3 2 0 7 4 0 3 0 0/0 21:46 3:25 2:20
Bryan Bickell 0 0 0 0 0 0 1 0 0 0 0/0 8:17 0:00 1:24
Corey Trivino 3 0 3 2 0 5 3 0 0 1 15/31 22:14 3:25 2:48
Danny Kristo 1 1 2 1 0 5 3 0 0 0 0/0 11:05 0:00 0:00
David Desharnais 1 1 2 -2 0 4 1 3 0 0 10/16 18:34 2:41 4:12
Dustin Kohn 0 3 3 3 0 0 4 1 1 1 0/0 28:16 3:23 4:45
James Sheppard 0 0 0 1 0 3 3 0 0 0 0/0 11:23 0:00 0:00
Jordan Caron 0 0 0 -2 2 2 1 0 1 0 0/1 14:15 2:41 0:00
Jordan Szwarz 0 0 0 0 0 1 0 0 0 0 0/0 6:46 0:00 0:00
Marek Zagrapan 1 1 2 1 0 3 2 0 2 0 0/3 11:23 0:00 0:00
Mike Reilly 0 0 0 -1 0 1 1 0 0 0 0/0 13:59 2:43 0:14
Nick Spaling 0 1 1 -2 0 2 3 3 0 1 0/0 18:34 2:41 4:12
Nikita Nesterov 0 0 0 -1 0 1 0 0 0 1 0/0 13:18 0:00 2:55
Peter Holland 0 0 0 0 0 1 1 0 0 0 2/3 7:49 0:00 0:56
Philip Larsen 0 2 2 3 6 2 2 2 0 0 0/0 24:59 3:23 1:02
Stu Bickel 0 0 0 -1 0 0 0 1 0 0 0/0 17:44 0:00 2:57
Tyler Pitlick 0 1 1 2 0 0 2 0 1 0 2/2 19:15 3:25 0:00
Viktor Loov 0 0 0 -1 0 0 3 0 0 0 0/0 22:23 2:43 3:59
Players Stats for Little Stars
Player Name G A P +/- PIM S H SB GA TA FO MP PP MP PK MP
------------------------------------------------------------------------------------
Alexander Vasyunov 1 0 1 1 0 2 1 0 0 0 0/0 9:30 0:00 0:33
Andrej Sustr 0 0 0 -1 2 2 0 0 0 1 0/0 19:24 3:05 1:42
Brian Flynn 0 1 1 0 2 3 0 1 0 0 14/29 20:35 4:07 1:04
Cam Atkinson 0 2 2 0 0 5 1 0 0 1 0/0 23:13 4:07 3:51
Dana Tyrell 1 0 1 -1 0 2 0 3 1 0 5/8 14:27 3:37 0:00
Daniel O'regan 0 0 0 1 0 0 2 0 0 0 0/4 9:05 0:00 0:31
Hugh Jessiman 0 0 0 -1 2 1 0 0 0 0 1/1 15:59 3:37 1:14
Jesper Fast 0 1 1 -1 0 1 1 0 0 0 0/0 11:07 0:12 0:00
Jesse Joensuu 0 0 0 -1 0 1 1 0 1 1 0/0 14:27 3:37 0:00
Jordie Benn 0 0 0 -1 2 2 2 1 0 0 0/0 19:54 3:05 2:12
Mathieu Perreault 1 1 2 -1 0 2 2 1 0 0 2/2 11:07 0:12 0:00
Niklas Hjalmarsson 1 2 3 2 0 2 3 0 1 1 0/0 28:35 4:51 3:54
Phil Oreskovic 0 0 0 2 0 0 2 0 0 1 0/0 28:35 4:51 3:54
Robert Klinkhammer 0 0 0 -1 0 0 1 0 0 0 0/1 12:18 0:00 1:08
Scott Kosmachuck 0 1 1 1 0 0 2 0 0 0 0/0 8:50 0:12 0:00
Shawn Matthias 1 1 2 0 0 6 5 1 0 2 5/11 23:13 4:07 3:51
Tyler Wotherspoon 0 1 1 -2 0 0 0 1 0 0 0/0 12:01 0:00 0:30
Tyson Barrie 0 0 0 -2 0 0 0 1 1 1 0/0 11:30 0:00 0:00
3 Stars
1 - Corey Trivino (StJ)
2 - Brock Nelson (StJ)
3 - Dustin Kohn (StJ)
Power Play
Staline - 1 on 4 Attempt(s) - 25.00%
Little Stars - 0 on 4 Attempt(s) - 0.00%
Penalty Kill
Staline - 4 on 4 Attempt(s) - 100.00%
- Score 0 goal in Penalty Kill
Little Stars - 3 on 4 Attempt(s) - 75.00%
- Score 0 goal in Penalty Kill
Team Stat
Staline - Hits : 34 - Faceoff Wins : 29 - Blocked Shots : 10 - Penalty Minutes : 8
Little Stars - Hits : 23 - Faceoff Wins : 27 - Blocked Shots : 9 - Penalty Minutes : 8
Official
Referees : Charron Francis and Lee Chris
Linesman : Darren Gibbs and Don Henderson
Game Notes
Corey Trivino has scored a Hat Trick!
Finance
Level 1 -- Attendance: 1549 (77.45%) -- Ticket Income $61,960
Level 2 -- Attendance: 753 (75.30%) -- Ticket Income $15,060
Total Attendance: 2302 (76.73%)
Total Ticket Income: $77,020
Other Income: $3,851
Total Income: $80,871
Staline
5 vs 5 Forward
Center Left Wing Right Wing Time % Phy DF OF
1 Corey Trivino Brock Nelson Tyler Pitlick 40 1 2 2
2 David Desharnais Nick Spaling Jordan Caron 30 1 2 2
3 Marek Zagrapan James Sheppard Danny Kristo 20 1 2 2
4 Peter Holland Bryan Bickell Jordan Szwarz 10 1 2 2
5 vs 5 Defense
Defense Defense Time % Phy DF OF
1 Dustin Kohn Philip Larsen 40 1 2 2
2 Viktor Loov Stu Bickel 30 1 2 2
3 Mike Reilly Nikita Nesterov 20 1 2 2
4 Dustin Kohn Philip Larsen 10 1 2 2
PowerPlay Forward
Center Left Wing Right Wing Time % Phy DF OF
1 Corey Trivino Brock Nelson Tyler Pitlick 60 1 2 2
2 David Desharnais Nick Spaling Jordan Caron 40 1 2 2
PowerPlay Defense
Defense Defense Time % Phy DF OF
1 Dustin Kohn Philip Larsen 60 1 2 2
2 Viktor Loov Mike Reilly 40 1 2 2
Penalty Kill 4 Players Forward
Center Wing Time % Phy DF OF
1 David Desharnais Nick Spaling 60 1 2 2
2 Corey Trivino Brock Nelson 40 1 2 2
Penalty Kill 4 Players Defense
Defense Defense Time % Phy DF OF
1 Dustin Kohn Philip Larsen 60 1 2 2
2 Viktor Loov Stu Bickel 40 1 2 2
Penalty Kill - 3 Players Forward
Forward Time % Phy DF OF
1 David Desharnais 60 1 2 2
2 Corey Trivino 40 1 2 2
Penalty Kill - 3 Players Defense
Defense Defense Time % Phy DF OF
1 Dustin Kohn Philip Larsen 60 1 2 2
2 Viktor Loov Stu Bickel 40 1 2 2
4 vs 4 Forward
Center Wing Time % Phy DF OF
1 Nick Spaling Tyler Pitlick 60 1 2 2
2 David Desharnais Brock Nelson 40 1 2 2
4 vs 4 Defense
Defense Defense Time % Phy DF OF
1 Dustin Kohn Philip Larsen 60 1 2 2
2 Viktor Loov Stu Bickel 40 1 2 2
Last Minutes Offensive
Center Left Wing Right Wing Defense Defense
Nick Spaling Brock Nelson Tyler Pitlick Dustin Kohn Philip Larsen
Last Minutes Defensive
Center Left Wing Right Wing Defense Defense
Brock Nelson Nick Spaling Tyler Pitlick Dustin Kohn Philip Larsen
Goaltenders
Starting : Joni Ortio
Backup : Allen York
Extra Forwards
Normal : Marek Zagrapan, James Sheppard, Corey Trivino - PP : Marek Zagrapan, James Sheppard - PK : Corey Trivino
Extra Defensemen
Normal : Dustin Kohn, Nikita Nesterov, Viktor Loov - PP : Philip Larsen - PK : Nikita Nesterov, Viktor Loov
Penalty Shots
Nick Spaling, Tyler Pitlick, David Desharnais, Brock Nelson, Jordan Caron
Scratches
Jiri Sekac (Healthy), Andrey Pedan (Healthy), Charles Hudon (Healthy), Lars Eller (Right Foot Injury), Barclay Goodrow (Healthy)
David Musil (Healthy), Darcy Kuemper (Healthy), Sean Maguire (Healthy)
Little Stars
5 vs 5 Forward
Center Left Wing Right Wing Time % Phy DF OF
1 Brian Flynn Shawn Matthias Cam Atkinson 40 1 2 2
2 Dana Tyrell Jesse Joensuu Hugh Jessiman 30 1 2 2
3 Mathieu Perreault Robert Klinkhammer Jesper Fast 20 1 2 2
4 Daniel O'regan Alexander Vasyunov Scott Kosmachuck 10 1 2 2
5 vs 5 Defense
Defense Defense Time % Phy DF OF
1 Niklas Hjalmarsson Phil Oreskovic 40 1 2 2
2 Andrej Sustr Jordie Benn 30 1 2 2
3 Tyson Barrie Tyler Wotherspoon 20 1 2 2
4 Niklas Hjalmarsson Phil Oreskovic 10 1 2 2
PowerPlay Forward
Center Left Wing Right Wing Time % Phy DF OF
1 Brian Flynn Shawn Matthias Cam Atkinson 60 1 2 2
2 Dana Tyrell Jesse Joensuu Hugh Jessiman 40 1 2 2
PowerPlay Defense
Defense Defense Time % Phy DF OF
1 Niklas Hjalmarsson Phil Oreskovic 60 1 2 2
2 Andrej Sustr Jordie Benn 40 1 2 2
Penalty Kill 4 Players Forward
Center Wing Time % Phy DF OF
1 Shawn Matthias Cam Atkinson 60 1 2 2
2 Brian Flynn Hugh Jessiman 40 1 2 2
Penalty Kill 4 Players Defense
Defense Defense Time % Phy DF OF
1 Niklas Hjalmarsson Phil Oreskovic 60 1 2 2
2 Andrej Sustr Jordie Benn 40 1 2 2
Penalty Kill - 3 Players Forward
Forward Time % Phy DF OF
1 Shawn Matthias 60 1 2 2
2 Cam Atkinson 40 1 2 2
Penalty Kill - 3 Players Defense
Defense Defense Time % Phy DF OF
1 Niklas Hjalmarsson Phil Oreskovic 60 1 2 2
2 Andrej Sustr Jordie Benn 40 1 2 2
4 vs 4 Forward
Center Wing Time % Phy DF OF
1 Shawn Matthias Cam Atkinson 60 1 2 2
2 Brian Flynn Hugh Jessiman 40 1 2 2
4 vs 4 Defense
Defense Defense Time % Phy DF OF
1 Niklas Hjalmarsson Phil Oreskovic 60 1 2 2
2 Andrej Sustr Jordie Benn 40 1 2 2
Last Minutes Offensive
Center Left Wing Right Wing Defense Defense
Brian Flynn Shawn Matthias Cam Atkinson Niklas Hjalmarsson Phil Oreskovic
Last Minutes Defensive
Center Left Wing Right Wing Defense Defense
Brian Flynn Shawn Matthias Cam Atkinson Niklas Hjalmarsson Phil Oreskovic
Goaltenders
Starting : Peter Delmas
Backup : Jhonas Enroth
Extra Forwards
Normal : Mathieu Perreault, Jesper Fast, Robert Klinkhammer - PP : Mathieu Perreault, Jesper Fast - PK : Robert Klinkhammer
Extra Defensemen
Normal : Tyson Barrie, Tyler Wotherspoon, Andrej Sustr - PP : Tyson Barrie - PK : Tyler Wotherspoon, Andrej Sustr
Penalty Shots
Shawn Matthias, Cam Atkinson, Brian Flynn, Hugh Jessiman, Jesse Joensuu
Scratches
Michael Mersch (Healthy), Scott Harrington (Healthy), Reece Willcox (Healthy), Ville Pokka (Healthy), Alexander Khokhlachev (Healthy)
Anthony Camara (Healthy), Daniel Catenacci (Healthy), Duncan Siemens (Healthy), Dillon Simpson (Healthy), Yannick Weber (Bruised Left Leg Injury)
Anthony Stolarz (Healthy)
% Time on Ice - Staline
Lines # - Real PCT - Wanted PCT - Time Play
Normal Forward
1 - 36% - 40% - 16:39
2 - 25% - 30% - 11:28
3 - 24% - 20% - 11:05
4 - 15% - 10% - 6:46
Normal Defense
1 - 43% - 40% - 19:39
2 - 32% - 30% - 14:48
3 - 20% - 20% - 9:08
4 - 5% - 10% - 2:23
PP Forward
1 - 56% - 60% - 3:25
2 - 44% - 40% - 2:41
PP Defense
1 - 55% - 60% - 3:23
2 - 45% - 40% - 2:43
PK Forward
1 - 71% - 60% - 5:36
2 - 29% - 40% - 2:20
PK Defense
1 - 63% - 60% - 4:59
2 - 37% - 40% - 2:57
PK3 Forward
1 - 0% - 60%
2 - 0% - 40%
PK3 Defense
1 - 0% - 60%
2 - 0% - 40%
44 Forward
1 - 0% - 60%
2 - 0% - 40%
44 Defense
1 - 0% - 60%
2 - 0% - 40%
Last Minute Offensive - 0:00
Last Minute Defensive - 0:00
Total
Forward - 60:00
Defense - 60:00
|
% Time on Ice - Little Stars
Lines # - Real PCT - Wanted PCT - Time Play
Normal Forward
1 - 35% - 40% - 16:05
2 - 24% - 30% - 10:51
3 - 23% - 20% - 10:32
4 - 18% - 10% - 8:30
Normal Defense
1 - 40% - 40% - 18:14
2 - 32% - 30% - 14:38
3 - 25% - 20% - 11:30
4 - 3% - 10% - 1:36
PP Forward
1 - 54% - 60% - 4:19
2 - 46% - 40% - 3:37
PP Defense
1 - 61% - 60% - 4:51
2 - 39% - 40% - 3:05
PK Forward
1 - 72% - 60% - 4:24
2 - 28% - 40% - 1:42
PK Defense
1 - 64% - 60% - 3:54
2 - 36% - 40% - 2:12
PK3 Forward
1 - 0% - 60%
2 - 0% - 40%
PK3 Defense
1 - 0% - 60%
2 - 0% - 40%
44 Forward
1 - 0% - 60%
2 - 0% - 40%
44 Defense
1 - 0% - 60%
2 - 0% - 40%
Last Minute Offensive - 0:00
Last Minute Defensive - 0:00
Total
Forward - 60:00
Defense - 60:00
|
Play by Play
1st period
0:01 of 1st period - Brian Flynn wins face-off versus Corey Trivino in neutral zone.
0:53 of 1st period - Jordie Benn is hit by Marek Zagrapan and loses puck.
0:58 of 1st period - Slapshot by Dustin Kohn.
0:58 of 1st period - Deflect By Marek Zagrapan.
0:58 of 1st period - Shot Misses the Net.
0:58 of 1st period - Puck is out of play.
0:59 of 1st period - Peter Holland wins face-off versus Daniel O'regan in Little Stars zone.
1:24 of 1st period - Scott Kosmachuck is hit by Viktor Loov and loses puck.
1:37 of 1st period - Wrist shot by Alexander Vasyunov.
1:37 of 1st period - Goal by Alexander Vasyunov - Staline : 0 - Little Stars : 1.
1:38 of 1st period - Brian Flynn wins face-off versus Corey Trivino in neutral zone.
1:41 of 1st period - Brock Nelson is hit by Shawn Matthias.
2:05 of 1st period - Icing by Dana Tyrell.
2:06 of 1st period - Hugh Jessiman wins face-off versus David Desharnais in Little Stars zone.
2:31 of 1st period - Niklas Hjalmarsson is hit by Tyler Pitlick and loses puck.
2:58 of 1st period - Wrist shot by Jesse Joensuu.
2:58 of 1st period - Deflect By Hugh Jessiman.
2:58 of 1st period - Shot Misses the Net.
2:58 of 1st period - Puck is out of play.
2:59 of 1st period - Corey Trivino wins face-off versus Brian Flynn in Staline zone.
3:06 of 1st period - Wrist shot by Tyler Pitlick.
3:06 of 1st period - Shot Misses the Net.
3:12 of 1st period - Andrej Sustr is hit by Dustin Kohn and loses puck.
3:48 of 1st period - Jordan Szwarz is hit by Scott Kosmachuck and loses puck.
3:55 of 1st period - Snap shot by Alexander Vasyunov.
3:55 of 1st period - Shot Misses the Net.
4:05 of 1st period - Danny Kristo is hit by Shawn Matthias and loses puck.
4:14 of 1st period - Shawn Matthias is hit by Danny Kristo and loses puck.
4:26 of 1st period - Minor Penalty to Philip Larsen for Slashing.
4:27 of 1st period - Brian Flynn wins face-off versus David Desharnais in Staline zone.
4:42 of 1st period - Wrist shot by Cam Atkinson.
4:42 of 1st period - Shot Misses the Net.
5:24 of 1st period - Viktor Loov is hit by Jesse Joensuu and loses puck.
6:19 of 1st period - Corey Trivino is hit by Scott Kosmachuck and loses puck.
6:26 of 1st period - Penalty to Philip Larsen is over, Philip Larsen is back on ice.
6:52 of 1st period - Snap shot by Marek Zagrapan.
6:52 of 1st period - Stopped by Peter Delmas with a rebound.
7:26 of 1st period - Wrist shot by David Desharnais.
7:26 of 1st period - Stopped by Peter Delmas with a rebound.
7:28 of 1st period - Snap shot by David Desharnais.
7:28 of 1st period - Shot Misses the Net.
7:52 of 1st period - Wrist shot by Jesse Joensuu.
7:52 of 1st period - Stopped by Joni Ortio without a rebound.
7:53 of 1st period - Brian Flynn wins face-off versus David Desharnais in Staline zone.
7:58 of 1st period - Snap shot by Cam Atkinson.
7:58 of 1st period - Shot Misses the Net.
8:10 of 1st period - Viktor Loov is hit by Phil Oreskovic.
8:16 of 1st period - Minor Penalty to Jordan Caron for Interference.
8:17 of 1st period - David Desharnais wins face-off versus Brian Flynn in Staline zone.
8:48 of 1st period - Wrist shot by Jesse Joensuu.
8:48 of 1st period - Shot Misses the Net.
8:50 of 1st period - Wrist shot by Niklas Hjalmarsson.
8:50 of 1st period - Deflect By David Desharnais.
8:50 of 1st period - Stopped by Joni Ortio without a rebound.
8:51 of 1st period - Dana Tyrell wins face-off versus Corey Trivino in Staline zone.
10:16 of 1st period - Penalty to Jordan Caron is over, Jordan Caron is back on ice.
10:57 of 1st period - Snap shot by Corey Trivino.
10:57 of 1st period - Shot Misses the Net.
11:29 of 1st period - Jordie Benn is hit by Viktor Loov and loses puck.
11:42 of 1st period - Dana Tyrell is hit by Nick Spaling and loses puck.
12:01 of 1st period - Slapshot by Jordie Benn.
12:01 of 1st period - Shot Blocked by Dustin Kohn.
12:03 of 1st period - Snap shot by Andrej Sustr.
12:03 of 1st period - Stopped by Joni Ortio with a rebound.
12:05 of 1st period - Slapshot by Jordie Benn.
12:05 of 1st period - Shot Misses the Net.
12:39 of 1st period - Wrist shot by Danny Kristo.
12:39 of 1st period - Stopped by Peter Delmas without a rebound.
12:40 of 1st period - Brian Flynn wins face-off versus Marek Zagrapan in Little Stars zone.
13:02 of 1st period - Wrist shot by Corey Trivino.
13:02 of 1st period - Stopped by Peter Delmas without a rebound.
13:03 of 1st period - Dana Tyrell wins face-off versus Corey Trivino in Little Stars zone.
13:15 of 1st period - Dana Tyrell is hit by Brock Nelson and loses puck.
13:32 of 1st period - Wrist shot by Jordan Szwarz.
13:32 of 1st period - Deflect By Shawn Matthias.
13:32 of 1st period - Stopped by Peter Delmas with a rebound.
13:34 of 1st period - Minor Penalty to Jordie Benn for Tripping.
13:35 of 1st period - Shawn Matthias wins face-off versus Corey Trivino in Little Stars zone.
13:35 of 1st period - Shawn Matthias is hit by Philip Larsen.
13:41 of 1st period - Wrist shot by Brock Nelson.
13:41 of 1st period - Shot Misses the Net.
13:43 of 1st period - Slapshot by Corey Trivino.
13:43 of 1st period - Goal by Corey Trivino - Staline : 1 - Little Stars : 1.
13:44 of 1st period - Brian Flynn wins face-off versus Corey Trivino in neutral zone.
13:57 of 1st period - Snap shot by Shawn Matthias.
13:57 of 1st period - Shot Misses the Net.
15:17 of 1st period - Dustin Kohn is hit by Alexander Vasyunov and loses puck.
15:46 of 1st period - Snap shot by Brock Nelson.
15:46 of 1st period - Shot Misses the Net.
15:48 of 1st period - Slapshot by Philip Larsen.
15:48 of 1st period - Stopped by Peter Delmas with a rebound.
15:50 of 1st period - Slapshot by Philip Larsen.
15:50 of 1st period - Shot Blocked by Dana Tyrell.
15:52 of 1st period - Slapshot by Philip Larsen.
15:52 of 1st period - Shot Blocked by Dana Tyrell.
15:54 of 1st period - Snap shot by Brock Nelson.
15:54 of 1st period - Shot Misses the Net.
15:56 of 1st period - Slapshot by Philip Larsen.
15:56 of 1st period - Deflect By Brock Nelson.
15:56 of 1st period - Stopped by Peter Delmas with a rebound.
16:04 of 1st period - Wrist shot by Brock Nelson.
16:04 of 1st period - Shot Misses the Net.
16:06 of 1st period - Slapshot by Philip Larsen.
16:06 of 1st period - Shot Blocked by Dana Tyrell.
16:08 of 1st period - Slapshot by Dustin Kohn.
16:08 of 1st period - Deflect By Corey Trivino.
16:08 of 1st period - Goal by Corey Trivino - Staline : 2 - Little Stars : 1.
16:09 of 1st period - David Desharnais wins face-off versus Brian Flynn in neutral zone.
16:23 of 1st period - Snap shot by Brian Flynn.
16:23 of 1st period - Shot Blocked by David Desharnais.
16:43 of 1st period - Snap shot by James Sheppard.
16:43 of 1st period - Stopped by Peter Delmas with a rebound.
16:45 of 1st period - Slapshot by Stu Bickel.
16:45 of 1st period - Shot Blocked by Mathieu Perreault.
16:59 of 1st period - Wrist shot by Dana Tyrell.
16:59 of 1st period - Goal by Dana Tyrell - Staline : 2 - Little Stars : 2.
17:00 of 1st period - Brian Flynn wins face-off versus Corey Trivino in neutral zone.
17:07 of 1st period - Snap shot by Shawn Matthias.
17:07 of 1st period - Stopped by Joni Ortio without a rebound.
17:08 of 1st period - Tyler Pitlick wins face-off versus Brian Flynn in Staline zone.
17:26 of 1st period - Snap shot by Corey Trivino.
17:26 of 1st period - Stopped by Peter Delmas with a rebound.
17:28 of 1st period - Wrist shot by Tyler Pitlick.
17:28 of 1st period - Shot Blocked by Brian Flynn.
17:30 of 1st period - Wrist shot by Tyler Pitlick.
17:30 of 1st period - Shot Misses the Net.
17:32 of 1st period - Snap shot by Brock Nelson.
17:32 of 1st period - Deflect By Brian Flynn.
17:32 of 1st period - Stopped by Peter Delmas with a rebound.
17:34 of 1st period - Wrist shot by Tyler Pitlick.
17:34 of 1st period - Shot Misses the Net.
18:00 of 1st period - Wrist shot by Tyler Pitlick.
18:00 of 1st period - Shot Misses the Net.
18:08 of 1st period - Snap shot by Brock Nelson.
18:08 of 1st period - Stopped by Peter Delmas without a rebound.
18:09 of 1st period - David Desharnais wins face-off versus Dana Tyrell in Little Stars zone.
18:48 of 1st period - Danny Kristo is hit by Mathieu Perreault and loses puck.
19:01 of 1st period - Slapshot by James Sheppard.
19:01 of 1st period - Stopped by Peter Delmas with a rebound.
19:09 of 1st period - Slapshot by Danny Kristo.
19:09 of 1st period - Stopped by Peter Delmas with a rebound.
19:17 of 1st period - Snap shot by Danny Kristo.
19:17 of 1st period - Goal by Danny Kristo - Staline : 3 - Little Stars : 2.
19:18 of 1st period - Shawn Matthias wins face-off versus Corey Trivino in neutral zone.
19:20 of 1st period - Minor Penalty to Andrej Sustr for High sticking.
19:21 of 1st period - Corey Trivino wins face-off versus Shawn Matthias in Little Stars zone.
Goals for this period are 3 for Staline vs 2 for Little Stars.
Shots for this period are 16 for Staline vs 6 for Little Stars.
2nd period
0:01 of 2nd period - Shawn Matthias wins face-off versus Corey Trivino in neutral zone.
0:08 of 2nd period - Wrist shot by Cam Atkinson.
0:08 of 2nd period - Stopped by Joni Ortio with a rebound.
0:49 of 2nd period - Icing by Tyler Pitlick.
0:50 of 2nd period - Corey Trivino wins face-off versus Shawn Matthias in Staline zone.
1:20 of 2nd period - Penalty to Andrej Sustr is over, Andrej Sustr is back on ice.
1:53 of 2nd period - Slapshot by Danny Kristo.
1:53 of 2nd period - Stopped by Peter Delmas with a rebound.
1:55 of 2nd period - Slapshot by James Sheppard.
1:55 of 2nd period - Shot Misses the Net.
1:57 of 2nd period - Slapshot by Nikita Nesterov.
1:57 of 2nd period - Shot Misses the Net.
1:59 of 2nd period - Snap shot by Danny Kristo.
1:59 of 2nd period - Shot Misses the Net.
2:01 of 2nd period - Slapshot by Nikita Nesterov.
2:01 of 2nd period - Deflect By Andrej Sustr.
2:01 of 2nd period - Stopped by Peter Delmas with a rebound.
2:03 of 2nd period - Snap shot by Danny Kristo.
2:03 of 2nd period - Shot Blocked by Jordie Benn.
2:05 of 2nd period - Wrist shot by Marek Zagrapan.
2:05 of 2nd period - Stopped by Peter Delmas with a rebound.
2:43 of 2nd period - Snap shot by Brian Flynn.
2:43 of 2nd period - Shot Blocked by Nick Spaling.
2:45 of 2nd period - Wrist shot by Shawn Matthias.
2:45 of 2nd period - Goal by Shawn Matthias - Staline : 3 - Little Stars : 3.
2:46 of 2nd period - Corey Trivino wins face-off versus Brian Flynn in neutral zone.
3:00 of 2nd period - Snap shot by Cam Atkinson.
3:00 of 2nd period - Shot Misses the Net.
3:02 of 2nd period - Slapshot by Niklas Hjalmarsson.
3:02 of 2nd period - Shot Misses the Net.
3:17 of 2nd period - Icing by Dustin Kohn.
3:18 of 2nd period - Mathieu Perreault wins face-off versus Corey Trivino in Staline zone.
3:50 of 2nd period - Snap shot by Corey Trivino.
3:50 of 2nd period - Goal by Corey Trivino - Staline : 4 - Little Stars : 3.
3:51 of 2nd period - David Desharnais wins face-off versus Brian Flynn in neutral zone.
4:03 of 2nd period - Wrist shot by Cam Atkinson.
4:03 of 2nd period - Shot Blocked by Stu Bickel.
4:24 of 2nd period - Snap shot by Dana Tyrell.
4:24 of 2nd period - Stopped by Joni Ortio with a rebound.
4:42 of 2nd period - Jordan Szwarz is hit by Daniel O'regan and loses puck.
5:07 of 2nd period - Tyler Wotherspoon is hit by Brock Nelson and loses puck.
6:05 of 2nd period - Slapshot by Philip Larsen.
6:05 of 2nd period - Stopped by Peter Delmas without a rebound.
6:06 of 2nd period - Peter Holland wins face-off versus Daniel O'regan in Little Stars zone.
6:22 of 2nd period - Alexander Vasyunov is hit by Peter Holland and loses puck.
6:40 of 2nd period - Wrist shot by Alexander Vasyunov.
6:40 of 2nd period - Stopped by Joni Ortio without a rebound.
6:41 of 2nd period - Corey Trivino wins face-off versus Brian Flynn in Staline zone.
6:41 of 2nd period - Corey Trivino is hit by Shawn Matthias.
6:47 of 2nd period - Dustin Kohn is hit by Jordie Benn and loses puck.
6:56 of 2nd period - Snap shot by Brock Nelson.
6:56 of 2nd period - Shot Hit the Post.
7:02 of 2nd period - Minor Penalty to Brian Flynn for Charging.
7:03 of 2nd period - Shawn Matthias wins face-off versus Corey Trivino in Little Stars zone.
7:18 of 2nd period - Wrist shot by Brock Nelson.
7:18 of 2nd period - Shot Misses the Net.
7:34 of 2nd period - Slapshot by David Desharnais.
7:34 of 2nd period - Deflect By Jordan Caron.
7:34 of 2nd period - Stopped by Peter Delmas without a rebound.
7:35 of 2nd period - Corey Trivino wins face-off versus Shawn Matthias in Little Stars zone.
9:02 of 2nd period - Penalty to Brian Flynn is over, Brian Flynn is back on ice.
9:48 of 2nd period - Snap shot by Peter Holland.
9:48 of 2nd period - Stopped by Peter Delmas with a rebound.
9:50 of 2nd period - Slapshot by Jordan Caron.
9:50 of 2nd period - Stopped by Peter Delmas with a rebound.
10:12 of 2nd period - Dana Tyrell is hit by Corey Trivino and loses puck.
10:27 of 2nd period - Snap shot by Jesper Fast.
10:27 of 2nd period - Shot Misses the Net.
10:29 of 2nd period - Snap shot by Robert Klinkhammer.
10:29 of 2nd period - Shot Misses the Net.
10:39 of 2nd period - Andrej Sustr is hit by Nick Spaling and loses puck.
11:06 of 2nd period - Phil Oreskovic is hit by Bryan Bickell and loses puck.
12:27 of 2nd period - Snap shot by Brian Flynn.
12:27 of 2nd period - Shot Blocked by Philip Larsen.
12:39 of 2nd period - Tyler Wotherspoon is hit by Brock Nelson and loses puck.
13:02 of 2nd period - Shawn Matthias is hit by James Sheppard and loses puck.
13:13 of 2nd period - Snap shot by Marek Zagrapan.
13:13 of 2nd period - Goal by Marek Zagrapan - Staline : 5 - Little Stars : 3.
13:14 of 2nd period - Brian Flynn wins face-off versus Corey Trivino in neutral zone.
13:17 of 2nd period - Slapshot by Shawn Matthias.
13:17 of 2nd period - Stopped by Joni Ortio with a rebound.
13:19 of 2nd period - Snap shot by Niklas Hjalmarsson.
13:19 of 2nd period - Goal by Niklas Hjalmarsson - Staline : 5 - Little Stars : 4.
13:20 of 2nd period - Corey Trivino wins face-off versus Brian Flynn in neutral zone.
14:05 of 2nd period - Stu Bickel is hit by Mathieu Perreault and loses puck.
14:56 of 2nd period - Slapshot by Jordie Benn.
14:56 of 2nd period - Stopped by Joni Ortio without a rebound.
14:57 of 2nd period - David Desharnais wins face-off versus Brian Flynn in Staline zone.
15:04 of 2nd period - Cam Atkinson is hit by Nick Spaling.
15:10 of 2nd period - Wrist shot by Cam Atkinson.
15:10 of 2nd period - Stopped by Joni Ortio with a rebound.
15:12 of 2nd period - Slapshot by Tyler Wotherspoon.
15:12 of 2nd period - Shot Blocked by Nick Spaling.
15:24 of 2nd period - Wrist shot by Mathieu Perreault.
15:24 of 2nd period - Goal by Mathieu Perreault - Staline : 5 - Little Stars : 5.
15:25 of 2nd period - Brian Flynn wins face-off versus Corey Trivino in neutral zone.
15:25 of 2nd period - Shawn Matthias is hit by Dustin Kohn.
15:40 of 2nd period - Wrist shot by Shawn Matthias.
15:40 of 2nd period - Shot Misses the Net.
15:46 of 2nd period - Minor Penalty to Philip Larsen for Interference.
15:47 of 2nd period - Brian Flynn wins face-off versus David Desharnais in Staline zone.
15:52 of 2nd period - Snap shot by Cam Atkinson.
15:52 of 2nd period - Stopped by Joni Ortio with a rebound.
15:54 of 2nd period - Wrist shot by Brian Flynn.
15:54 of 2nd period - Shot Misses the Net.
17:27 of 2nd period - Phil Oreskovic is hit by Dustin Kohn and loses puck.
17:37 of 2nd period - Icing by Dana Tyrell.
17:38 of 2nd period - Dana Tyrell wins face-off versus Peter Holland in Little Stars zone.
17:46 of 2nd period - Penalty to Philip Larsen is over, Philip Larsen is back on ice.
17:55 of 2nd period - Snap shot by Mathieu Perreault.
17:55 of 2nd period - Shot Misses the Net.
17:57 of 2nd period - Slapshot by Mathieu Perreault.
17:57 of 2nd period - Stopped by Joni Ortio with a rebound.
18:37 of 2nd period - Snap shot by Tyler Pitlick.
18:37 of 2nd period - Deflect By Brock Nelson.
18:37 of 2nd period - Shot Blocked by Tyson Barrie.
18:37 of 2nd period - Puck is out of play.
18:38 of 2nd period - Corey Trivino wins face-off versus Brian Flynn in Little Stars zone.
18:39 of 2nd period - Snap shot by Brock Nelson.
18:39 of 2nd period - Stopped by Peter Delmas without a rebound.
18:40 of 2nd period - Brian Flynn wins face-off versus Corey Trivino in Little Stars zone.
18:47 of 2nd period - Snap shot by Tyler Pitlick.
18:47 of 2nd period - Shot Misses the Net.
18:49 of 2nd period - Wrist shot by Brock Nelson.
18:49 of 2nd period - Stopped by Peter Delmas with a rebound.
18:51 of 2nd period - Snap shot by Corey Trivino.
18:51 of 2nd period - Deflect By Brock Nelson.
18:51 of 2nd period - Shot Misses the Net.
18:51 of 2nd period - Puck is out of play.
18:52 of 2nd period - Brian Flynn wins face-off versus Corey Trivino in Little Stars zone.
18:57 of 2nd period - Niklas Hjalmarsson is hit by Tyler Pitlick and loses puck.
19:22 of 2nd period - Icing by Dustin Kohn.
19:23 of 2nd period - David Desharnais wins face-off versus Dana Tyrell in Staline zone.
19:31 of 2nd period - Snap shot by Hugh Jessiman.
19:31 of 2nd period - Shot Blocked by Philip Larsen.
19:33 of 2nd period - Slapshot by Jordie Benn.
19:33 of 2nd period - Stopped by Joni Ortio without a rebound.
19:34 of 2nd period - Corey Trivino wins face-off versus Brian Flynn in Staline zone.
19:59 of 2nd period - Stu Bickel is hit by Niklas Hjalmarsson and loses puck.
Goals for this period are 2 for Staline vs 3 for Little Stars.
Shots for this period are 11 for Staline vs 12 for Little Stars.
3rd period
0:01 of 3rd period - David Desharnais wins face-off versus Brian Flynn in neutral zone.
0:45 of 3rd period - Robert Klinkhammer is hit by Danny Kristo and loses puck.
0:52 of 3rd period - Dustin Kohn is hit by Robert Klinkhammer and loses puck.
1:05 of 3rd period - Alexander Vasyunov is hit by Philip Larsen and loses puck.
1:30 of 3rd period - Snap shot by David Desharnais.
1:30 of 3rd period - Stopped by Peter Delmas with a rebound.
1:50 of 3rd period - Slapshot by Nick Spaling.
1:50 of 3rd period - Stopped by Peter Delmas with a rebound.
1:52 of 3rd period - Backhand shot by Brock Nelson.
1:52 of 3rd period - Goal by Brock Nelson - Staline : 6 - Little Stars : 5.
1:53 of 3rd period - Corey Trivino wins face-off versus Shawn Matthias in neutral zone.
2:29 of 3rd period - Minor Penalty to Hugh Jessiman for Diving.
2:30 of 3rd period - Corey Trivino wins face-off versus Shawn Matthias in Little Stars zone.
2:34 of 3rd period - Wrist shot by Tyler Pitlick.
2:34 of 3rd period - Shot Blocked by Shawn Matthias.
2:36 of 3rd period - Slapshot by Mike Reilly.
2:36 of 3rd period - Deflect By Niklas Hjalmarsson.
2:36 of 3rd period - Stopped by Peter Delmas with a rebound.
3:49 of 3rd period - Icing by Mike Reilly.
3:50 of 3rd period - David Desharnais wins face-off versus Daniel O'regan in Staline zone.
4:03 of 3rd period - Slapshot by Andrej Sustr.
4:03 of 3rd period - Stopped by Joni Ortio without a rebound.
4:04 of 3rd period - Shawn Matthias wins face-off versus Corey Trivino in Staline zone.
4:13 of 3rd period - Slapshot by Shawn Matthias.
4:13 of 3rd period - Stopped by Joni Ortio with a rebound.
4:15 of 3rd period - Wrist shot by Shawn Matthias.
4:15 of 3rd period - Stopped by Joni Ortio with a rebound.
4:29 of 3rd period - Penalty to Hugh Jessiman is over, Hugh Jessiman is back on ice.
4:29 of 3rd period - Andrej Sustr is hit by Dustin Kohn and loses puck.
4:38 of 3rd period - Slapshot by David Desharnais.
4:38 of 3rd period - Stopped by Peter Delmas with a rebound.
4:54 of 3rd period - Jordie Benn is hit by James Sheppard and loses puck.
5:31 of 3rd period - Snap shot by Brock Nelson.
5:31 of 3rd period - Stopped by Peter Delmas without a rebound.
5:32 of 3rd period - Corey Trivino wins face-off versus Daniel O'regan in Little Stars zone.
6:04 of 3rd period - Snap shot by Brian Flynn.
6:04 of 3rd period - Shot Blocked by David Desharnais.
6:17 of 3rd period - Off-side.
6:18 of 3rd period - Dana Tyrell wins face-off versus Marek Zagrapan in neutral zone.
6:25 of 3rd period - Snap shot by Hugh Jessiman.
6:25 of 3rd period - Stopped by Joni Ortio without a rebound.
6:26 of 3rd period - Corey Trivino wins face-off versus Brian Flynn in Staline zone.
6:26 of 3rd period - Corey Trivino is hit by Niklas Hjalmarsson.
7:00 of 3rd period - Wrist shot by Jordan Caron.
7:00 of 3rd period - Deflect By Nick Spaling.
7:00 of 3rd period - Stopped by Peter Delmas with a rebound.
7:02 of 3rd period - Wrist shot by Jordan Caron.
7:02 of 3rd period - Shot Misses the Net.
7:18 of 3rd period - Wrist shot by Mathieu Perreault.
7:18 of 3rd period - Shot Misses the Net.
7:20 of 3rd period - Slapshot by Phil Oreskovic.
7:20 of 3rd period - Shot Misses the Net.
7:22 of 3rd period - Snap shot by Jesper Fast.
7:22 of 3rd period - Stopped by Joni Ortio without a rebound.
7:23 of 3rd period - Tyler Pitlick wins face-off versus Shawn Matthias in Staline zone.
7:38 of 3rd period - Wrist shot by Cam Atkinson.
7:38 of 3rd period - Stopped by Joni Ortio without a rebound.
7:39 of 3rd period - Dana Tyrell wins face-off versus Jordan Caron in Staline zone.
7:42 of 3rd period - Snap shot by Hugh Jessiman.
7:42 of 3rd period - Shot Blocked by Nick Spaling.
8:09 of 3rd period - Philip Larsen is hit by Cam Atkinson and loses puck.
8:35 of 3rd period - Icing by Jesper Fast.
8:36 of 3rd period - Corey Trivino wins face-off versus Robert Klinkhammer in Little Stars zone.
9:07 of 3rd period - Snap shot by Brian Flynn.
9:07 of 3rd period - Deflect By Shawn Matthias.
9:07 of 3rd period - Shot Misses the Net.
9:07 of 3rd period - Puck is out of play.
9:08 of 3rd period - David Desharnais wins face-off versus Brian Flynn in Staline zone.
9:08 of 3rd period - David Desharnais is hit by Shawn Matthias.
9:14 of 3rd period - Slapshot by Cam Atkinson.
9:14 of 3rd period - Shot Misses the Net.
9:16 of 3rd period - Slapshot by Jordie Benn.
9:16 of 3rd period - Shot Blocked by David Desharnais.
9:18 of 3rd period - Snap shot by Cam Atkinson.
9:18 of 3rd period - Shot Misses the Net.
9:20 of 3rd period - Snap shot by Brian Flynn.
9:20 of 3rd period - Shot Misses the Net.
9:22 of 3rd period - Wrist shot by Brian Flynn.
9:22 of 3rd period - Stopped by Joni Ortio without a rebound.
9:23 of 3rd period - Corey Trivino wins face-off versus Dana Tyrell in Staline zone.
9:25 of 3rd period - Minor Penalty to Philip Larsen for Hooking.
9:26 of 3rd period - Brian Flynn wins face-off versus David Desharnais in Staline zone.
9:26 of 3rd period - Snap shot by Shawn Matthias.
9:26 of 3rd period - Stopped by Joni Ortio without a rebound.
9:27 of 3rd period - Brian Flynn wins face-off versus David Desharnais in Staline zone.
9:28 of 3rd period - Snap shot by Shawn Matthias.
9:28 of 3rd period - Deflect By Cam Atkinson.
9:28 of 3rd period - Stopped by Joni Ortio with a rebound.
9:30 of 3rd period - Slapshot by Phil Oreskovic.
9:30 of 3rd period - Shot Misses the Net.
9:32 of 3rd period - Wrist shot by Brian Flynn.
9:32 of 3rd period - Stopped by Joni Ortio without a rebound.
9:33 of 3rd period - David Desharnais wins face-off versus Brian Flynn in Staline zone.
10:24 of 3rd period - Cam Atkinson is hit by Corey Trivino and loses puck.
11:16 of 3rd period - Niklas Hjalmarsson is hit by Corey Trivino and loses puck.
11:25 of 3rd period - Penalty to Philip Larsen is over, Philip Larsen is back on ice.
11:35 of 3rd period - Niklas Hjalmarsson is hit by Mike Reilly.
11:39 of 3rd period - Mathieu Perreault is hit by Viktor Loov and loses puck.
12:25 of 3rd period - Wrist shot by Philip Larsen.
12:25 of 3rd period - Shot Blocked by Tyler Wotherspoon.
12:57 of 3rd period - Danny Kristo is hit by Daniel O'regan and loses puck.
14:05 of 3rd period - David Desharnais is hit by Niklas Hjalmarsson and loses puck.
14:16 of 3rd period - James Sheppard is hit by Jordie Benn and loses puck.
14:29 of 3rd period - Shawn Matthias is hit by Danny Kristo and loses puck.
15:27 of 3rd period - Niklas Hjalmarsson is hit by Jordan Caron and loses puck.
16:11 of 3rd period - Andrej Sustr is hit by James Sheppard and loses puck.
16:34 of 3rd period - Shawn Matthias is hit by Brock Nelson and loses puck.
16:54 of 3rd period - Tyler Wotherspoon is hit by David Desharnais and loses puck.
17:01 of 3rd period - David Desharnais is hit by Phil Oreskovic and loses puck.
17:40 of 3rd period - Wrist shot by Brian Flynn.
17:40 of 3rd period - Stopped by Joni Ortio with a rebound.
17:46 of 3rd period - Shawn Matthias is hit by Marek Zagrapan and loses puck.
18:38 of 3rd period - Backhand shot by David Desharnais.
18:38 of 3rd period - Goal by David Desharnais - Staline : 7 - Little Stars : 5.
18:39 of 3rd period - Mathieu Perreault wins face-off versus Marek Zagrapan in neutral zone.
18:48 of 3rd period - Slapshot by Danny Kristo.
18:48 of 3rd period - Stopped by Peter Delmas with a rebound.
18:50 of 3rd period - Snap shot by James Sheppard.
18:50 of 3rd period - Shot Misses the Net.
18:52 of 3rd period - Wrist shot by James Sheppard.
18:52 of 3rd period - Stopped by Peter Delmas with a rebound.
18:54 of 3rd period - Slapshot by Mike Reilly.
18:54 of 3rd period - Shot Hit the Post.
19:31 of 3rd period - Corey Trivino is hit by Shawn Matthias and loses puck.
19:44 of 3rd period - James Sheppard is hit by Jesper Fast and loses puck.
Goals for this period are 2 for Staline vs 0 for Little Stars.
Shots for this period are 10 for Staline vs 11 for Little Stars.
Back to the Top